 Dungeon Crawl Stone Soup version 0.17-a0-1769-g54adf96 (console) character file.

109 Illiel the Shooter (level 4, -4/28 HPs)
             Began as a High Elf Arcane Marksman on Sept 6, 2015.
             Slain by Grinder (5 damage)
             ... while paralysed by Grinder
             ... on level 3 of the Dungeon on Sept 7, 2015.
             The game lasted 00:10:34 (2232 turns).

Illiel the Shooter (High Elf Arcane Marksman)       Turns: 2232, Time: 00:10:34

Health: -4/28      AC:  4    Str: 10    XL:     4   Next: 59%
Magic:  8/8        EV:  2    Int: 17    God:
Gold:   152        SH:  0    Dex: 15    Spells: 3 memorised, 1 level left

rFire  . . .     SeeInvis .     b - +0 long sword
rCold  . . .     Clarity  .     c - +0 robe
rNeg   . . .     SustAt   .     (no shield)
rPois  +         Gourm    .     (no helmet)
rElec  .         Spirit   .     (no cloak)
rCorr  .         Warding  .     (no gloves)
rMut   .         Stasis   .     (no boots)
MR     .....                    (no amulet)
Stlth  +.........               p - +2 ring of protection
                                r - ring of poison resistance (curse)

@: paralysed, not resistant to hostile enchantments, very unstealthy
A: no striking features
a: no special abilities


You were on level 3 of the Dungeon.
You were not hungry.

You visited 1 branch of the dungeon, and saw 3 of its levels.

You collected 152 gold pieces.

Inventory:

Hand weapons
 a - a +0 shortbow
 b - a +0 long sword (weapon)
Missiles
 k - 2 arrows
Armour
 c - a +0 robe (worn)
Jewellery
 p - a +2 ring of protection (right hand)
 r - a cursed ring of poison resistance (left hand)
Scrolls
 h - a scroll of remove curse {unknown}
 m - a scroll of enchant weapon {unknown}
 n - 2 scrolls of teleportation {unknown}
 q - a scroll of identify {unknown}
Potions
 f - 2 potions of curing
 g - 3 potions of haste {unknown}
 j - a potion of ambrosia {unknown}
 l - 3 potions of might {unknown}
Books
 d - a book of Debilitation

   Spells                             Type                      Level
   a - Corona                         Hexes                        1
   b - Slow                           Hexes                        2
   c - Gell's Gravitas                Hexes/Translocation          3
   d - Inner Flame                    Hexes/Fire                   3
   e - Cause Fear                     Hexes                        4
   f - Leda's Liquefaction            Hexes/Earth                  4
Comestibles
 e - 2 bread rations
 i - 3 fruits


   Skills:
 + Level 1.6 Fighting
 * Level 1.4 Long Blades
 * Level 3.8 Bows
 + Level 0.8 Armour
 + Level 2.6 Dodging
 + Level 0.0 Stealth
 + Level 2.3 Spellcasting
 + Level 3.3 Hexes
 + Level 0.6 Fire Magic


You had one spell level left.
You knew the following spells:

 Your Spells              Type           Power        Failure   Level  Hunger
a - Corona                Hex            ##.....      6%          1    #......
b - Slow                  Hex            ##......     10%         2    ###....
c - Inner Flame           Hex/Fire       #.......     24%         3    ###....


Dungeon Overview and Level Annotations

Branches:
Dungeon (3/15)

Altars:

Annotations:
D:3 Grinder


Message History

Grinder is heavily wounded.
Grinder barely misses you. Grinder hits you but does no damage.
You hit Grinder.
Grinder is severely wounded.
Grinder hits you.
You writhe in agony.
You hit Grinder but do no damage.
Grinder is severely wounded.
Grinder gestures at you.
You barely resist. You hit Grinder.
Grinder is severely wounded.
Grinder gestures at you.
You suddenly lose the ability to move!
Grinder hits you.
You writhe in agony.
Grinder gestures at you. Pain shoots through your body!
* * * LOW HITPOINT WARNING * * *
Grinder gestures at you. You resist with significant effort. Grinder hits you.
You die...

∙ ∙▒ ∙▒ ∙▒ ▒▒ ▒▒▒▒▒▒▒▒∙▒
∙∙▒ ▒∙ ▒▒∙∙∙∙∙∙∙∙▒ ∙∙∙▒ ▒∙
▒∙∙∙∙∙∙∙∙▒ ∙∙∙∙∙▒∙
▒▒∙∙∙∙∙∙∙∙▒
▒∙∙∙∙▒∙▒▒▒∙∙∙∙∙<)∙▒▒▒▒▒▒▒∙
▒∙∙∙∙∙▒▒)▒▒▒▒▒▒∙∙∙∙∙∙∙∙∙
▒▒∙∙(∙5@∙▒ ▒∙∙∙∙∙∙∙∙∙
▒∙∙∙∙<(∙▒▒ ▒∙∙∙∙∙∙∙∙▒
∙∙∙∙∙∙∙▒▒∙▒▒▒ ▒▒∙∙∙∙∙∙∙∙▒
▒▒▒∙∙∙∙ ▒∙∙∙▒▒ ▒∙∙∙∙∙∙∙∙∙▒
▒∙∙∙∙ ▒∙▒∙∙▒▒▒∙∙∙∙∙∙∙∙∙▒
▒▒▒▒▒ ▒∙∙▒∙∙▒∙∙∙∙∙∙∙∙∙∙▒
▒▒∙▒∙∙∙∙∙∙∙∙∙∙∙∙>▒
▒∙∙∙∙∙∙∙∙∙∙∙▒▒▒▒▒
▒∙∙∙∙>∙∙∙∙∙∙▒▒▒▒
∙∙∙∙∙∙∙∙∙∙∙∙▒
∙∙∙∙∙∙∙∙∙∙▒▒▒ ∙∙∙∙∙∙▒▒▒▒▒


∙∙∙∙∙∙ ∙∙∙∙∙∙ You could see Grinder.

Vanquished Creatures
  5 adders (D:2)
  A worm (D:2)
  4 giant geckos
  4 orcs (D:3)
  A ball python (D:1)
  3 giant cockroaches
  5 hobgoblins
  3 jackals (D:1)
  6 kobolds
  A quokka (D:2)
  5 bats (D:2)
  3 giant newts
  10 goblins
  4 rats
55 creatures vanquished.

Notes
Turn   | Place    | Note
--------------------------------------------------------------
     0 | D:1      | Illiel the High Elf Arcane Marksman began the quest for the Orb.
     0 | D:1      | Reached XP level 1. HP: 13/13 MP: 3/3
   189 | D:1      | Reached XP level 2. HP: 18/18 MP: 2/5
   193 | D:1      | Learned a level 2 spell: Slow
   658 | D:2      | Reached XP level 3. HP: 23/23 MP: 6/6
   915 | D:2      | Learned a level 3 spell: Inner Flame
  1045 | D:2      | Reached skill level 1 in Long Blades
  1045 | D:2      | Reached XP level 4. HP: 10/28 MP: 1/8
  1648 | D:2      | Upgraded the game from 0.17-a0-1767-gccbed74 to 0.17-a0-1769-g54adf96
  1712 | D:3      | Noticed Grinder
  2229 | D:3      | Paralysed by Grinder for 5 turns
  2230 | D:3      | HP: 1/28 [Grinder/nerve-wracking pain (8)]
  2232 | D:3      | Slain by Grinder

Vault maps used:
D:1:      sevenhm_arrival_forest_fort_small_5
D:2:      first_bread
D:3:      uniq_grinder

Action                   |  1- 3 |  4- 6 || total
-------------------------+-------+-------++-------
Melee: Long sword        |    14 |    46 ||    60
       Falchion          |    12 |       ||    12
 Fire: Shortbow          |   102 |    11 ||   113
 Cast: Corona            |    12 |     4 ||    16
       Slow              |     5 |     3 ||     8
  Use: Potion            |     1 |       ||     1
  Eat: Chunk             |     1 |     4 ||     5
